 Dungeon Crawl Stone Soup version 0.31-a0-997-g9a2f3ffc92 (webtiles) character file.

Game seed: 13236966542776015367

170 Arzdou the Chopper (level 5, -2/36 (64) HPs)
             Began as a Gnoll Reaver on Nov 7, 2023.
             Slain by a gnoll
             ... wielding a +0 flail
             ... led by a gnoll bouda
              (4 damage)
             ... on level 3 of the Dungeon.
             The game lasted 00:04:19 (1651 turns).

Arzdou the Chopper (Gnoll Reaver)                   Turns: 1651, Time: 00:04:21

HP:   -2/36 (64)    AC: 12    Str: 13    XL:     5   Next: 50%
MP:   11/12         EV: 11    Int: 13    God:
Gold: 144           SH:  0    Dex: 10    Spells: 13/14 levels left

rFire   . . .        a - +0 hand axe
rCold   + . .        (no shield)
rNeg    . . .        r - +2 ring mail {rC+}
rPois   .            (no helmet)
rElec   .            (no cloak)
rCorr   .            (no gloves)
SInv    .            q - +0 pair of boots
Will    .....        (no amulet) Stlth
                     i - +4 ring of protection
HPRegen 0.26/turn    (no ring)
MPRegen 0.13/turn

%: no passive effects
@: berserking, very heavily drained, very quick
A: fangs 1, strong nose, distributed training
a: no special abilities


You were on level 3 of the Dungeon.
You visited 1 branch of the dungeon, and saw 3 of its levels.

You collected 144 gold pieces.

Inventory:

Hand Weapons
 a - a +0 hand axe (weapon)
 b - a +0 sling
Missiles
 j - 15 poisoned darts
Armour
 e - a +0 leather armour
 k - a +0 tower shield
 q - a +0 pair of boots (worn)
 r - a +2 ring mail of cold resistance (worn)
Jewellery
 i - a +4 ring of protection (left hand)
Scrolls
 c - 2 scrolls of fog {unknown}
 d - 2 scrolls of blinking {unknown}
 f - 2 scrolls of enchant armour {unknown}
 g - a scroll of acquirement {unknown}
 h - 2 scrolls of poison {unknown}
 m - a scroll of revelation {unknown}
 o - a scroll of identify {unknown}
 p - a scroll of amnesia {unknown}
Potions
 l - a potion of berserk rage
 n - a potion of lignification {unknown}
 s - a potion of enlightenment {unknown}


   Skills:
 + Level 4.8 Fighting
 + Level 1.5 Short Blades
 + Level 1.5 Long Blades
 + Level 6.7 Axes
 + Level 1.5 Maces & Flails
 + Level 1.5 Polearms
 + Level 1.5 Staves
 + Level 1.5 Ranged Weapons
 + Level 1.5 Throwing
 + Level 1.5 Armour
 + Level 4.8 Dodging
 + Level 1.5 Stealth
 + Level 1.5 Shields
 + Level 1.5 Unarmed Combat
 + Level 5.2 Spellcasting
 + Level 5.5 Conjurations
 + Level 1.2 Hexes
 + Level 1.2 Summonings
 + Level 1.2 Necromancy
 + Level 1.2 Translocations
 + Level 1.2 Transmutations
 + Level 1.2 Fire Magic
 + Level 1.2 Ice Magic
 + Level 1.2 Air Magic
 + Level 1.2 Earth Magic
 + Level 1.2 Poison Magic
 + Level 1.7 Invocations
 + Level 1.5 Evocations
 + Level 1.4 Shapeshifting


You had 13 spell levels left.
You knew the following spells:

 Your Spells              Type           Power      Damage    Failure   Level
a - Kiss of Death         Conj/Necr      48%        2d9       10%         1

Your spell library contained the following spells:

 Spells                   Type           Power      Damage    Failure   Level
 Momentum Strike          Conj/Tloc      24%        3d8       14%         2
 Slow                     Hex            24%        N/A       24%         1
 Hailstorm                Conj/Ice       12%        3d5       28%         3
 Confusing Touch          Hex            6%         N/A       56%         3
 Sigil of Binding         Hex            6%         N/A       56%         3
 Vampiric Draining        Necr           6%         2d6       56%         3


Dungeon Overview and Level Annotations

Branches:
Dungeon (3/15)

Altars:

Shops:
D:2 (!?


Innate Abilities, Weirdness & Mutations

You have very sharp teeth.
Your uncanny sense of smell can sniff out nearby items.
Your experience applies equally to all skills.


Message History

You bite the sleepcap, but do no damage.
The sleepcap is moderately damaged.
A gnoll comes into view. It is wielding a +0 flail.
The sleepcap releases spores at you but does no damage.
You hit the sleepcap.
The sleepcap is moderately damaged.
Your attacks no longer feel as feeble.
A gnoll comes into view. It is wielding a +0 whip.
The sleepcap releases spores at you but does no damage.
The gnoll shouts!
You hit the sleepcap. You bite the sleepcap.
The sleepcap is heavily damaged.
The sleepcap releases spores at you.
The sleepcap releases spores at you but does no damage.
You hit the gnoll.
The gnoll is moderately wounded.
You hit the gnoll bouda. You hit the sleepcap. You hit the gnoll.
The gnoll bouda hits you with a +0 whip!
The gnoll misses you. The gnoll hits you but does no damage.
The sleepcap barely misses you.
The gnoll bouda attacks as it pursues you!
The gnoll bouda barely misses you. The gnoll hits you with a +0 flail.
* * * LOW HITPOINT WARNING * * *
Okay, then.
It was a potion of berserk rage.
A red film seems to cover your vision as you go berserk!
You feel yourself moving faster!
You feel mighty!
A bat comes into view.
The gnoll bouda closely misses you. The gnoll closely misses you.
The gnoll hits you but does no damage.
You are too injured to fight recklessly!
Unknown command.
You hit the gnoll.
The gnoll is severely wounded.
You barely miss the gnoll bouda. You hit the gnoll.
The gnoll bouda hits you but does no damage.
The gnoll hits you with a +0 whip!
* * * LOW HITPOINT WARNING * * *
The gnoll hits you with a +0 flail.
You die...

#.# ##..............# #.#
#......).....## #.#
#..##..##..#.# #.#
#..##..##....#
##.######..######....#
#..........######.(..####
#.#####.....#..##.).....#
#.# #.#...b...##g...##.#
#.# ##.#.......@gf..##.#
..# #.##.....##g##..#.#
..# #.#####..##.##..#.#
..# #.#......#####....#
..# ###.#.###...# #..###
..# #.....# ......##...##
..###.###.##............#
......#
#.........#..#..##
..###.#
#.#####...####..g##


You could see a sleepcap (very drained), a gnoll bouda, 2 gnolls and a bat.

Vanquished Creatures
  Pargi (D:3)
  A gnoll (D:3)
  An adder (D:3)
  2 dart slugs (D:1)
  4 bats
  4 endoplasms
  6 hobgoblins
  3 jackals (D:2)
  5 quokkas
  8 ball pythons
  2 frilled lizards
  5 goblins
  2 kobolds (D:2)
  6 rats
50 creatures vanquished.

Notes
Turn   | Place    | Note
-------+----------+-------------------------------------------
     0 | D:1      | Arzdou the Gnoll Reaver began the quest for the Orb.
     0 | D:1      | Reached XP level 1. HP: 20/20 MP: 6/6
    96 | D:1      | Reached XP level 2. HP: 25/25 MP: 7/7
   442 | D:1      | Reached XP level 3. HP: 28/31 MP: 9/9
   541 | D:1      | Reached skill level 5 in Spellcasting
   825 | D:2      | Found Wieciddul's Magic Scroll Emporium.
   876 | D:2      | Reached skill level 1 in Invocations
  1020 | D:2      | Found Zalayqosk's Distillery.
  1061 | D:2      | Reached skill level 1 in Short Blades
  1061 | D:2      | Reached skill level 1 in Long Blades
  1061 | D:2      | Reached skill level 1 in Maces & Flails
  1061 | D:2      | Reached skill level 1 in Polearms
  1061 | D:2      | Reached skill level 1 in Staves
  1061 | D:2      | Reached skill level 1 in Ranged Weapons
  1061 | D:2      | Reached skill level 1 in Throwing
  1061 | D:2      | Reached skill level 1 in Armour
  1061 | D:2      | Reached skill level 1 in Stealth
  1061 | D:2      | Reached skill level 1 in Shields
  1061 | D:2      | Reached skill level 1 in Unarmed Combat
  1061 | D:2      | Reached skill level 1 in Evocations
  1148 | D:2      | Found a transporter.
  1148 | D:2      | Found Kuopeo's Weapon Shoppe.
  1150 | D:2      | Found a transporter.
  1448 | D:3      | Reached skill level 1 in Shapeshifting
  1448 | D:3      | Reached XP level 4. HP: 31/34 MP: 9/11
  1512 | D:3      | Noticed Pargi
  1531 | D:3      | Killed Pargi
  1532 | D:3      | Reached skill level 1 in Hexes
  1532 | D:3      | Reached skill level 1 in Summonings
  1532 | D:3      | Reached skill level 1 in Necromancy
  1532 | D:3      | Reached skill level 1 in Translocations
  1532 | D:3      | Reached skill level 1 in Transmutations
  1532 | D:3      | Reached skill level 1 in Fire Magic
  1532 | D:3      | Reached skill level 1 in Ice Magic
  1532 | D:3      | Reached skill level 1 in Air Magic
  1532 | D:3      | Reached skill level 1 in Earth Magic
  1532 | D:3      | Reached skill level 1 in Poison Magic
  1532 | D:3      | Reached XP level 5. HP: 18/37 MP: 8/12
  1651 | D:3      | Slain by a gnoll

Illustrated notes

Levels and vault maps discovered:
D:1:      erik_arrival_triangle_small, layout_basic, nrook_loot_triangle
D:2:      layout_rooms, serial_shops, nicolae_shop_drivethru, shop,
          nicolae_lakefront_shop, minivault_23, kennysheep_doodads
D:3:      layout_loops_ring, nicolae_overflow_hidden_temple, minitemple,
          basic_ecumenical_altar, hangedman_decor_growths, uniq_jessica,
          uniq_crazy_yiuf_cottage, uniq_pargi

Skill      XL: |  1  2  3  4 |
---------------+-------------+-----
Spellcasting   | 5 |  5.2
Invocations    | 1 |  1.7
Short Blades   | 1 |  1.5
Long Blades    | 1 |  1.5
Maces & Flails | 1 |  1.5
Polearms       | 1 |  1.5
Staves         | 1 |  1.5
Ranged Weapons | 1 |  1.5
Throwing       | 1 |  1.5
Armour         | 1 |  1.5
Stealth        | 1 |  1.5
Shields        | 1 |  1.5
Unarmed Combat | 1 |  1.5
Evocations     | 1 |  1.5
Shapeshifting  | 1 |  1.4
Hexes          | 1 |  1.2
Summonings     | 1 |  1.2
Necromancy     | 1 |  1.2
Translocations | 1 |  1.2
Transmutations | 1 |  1.2
Fire Magic     | 1 |  1.2
Ice Magic      | 1 |  1.2
Air Magic      | 1 |  1.2
Earth Magic    | 1 |  1.2
Poison Magic   | 1 |  1.2
Fighting       | |  4.8
Axes           | |  6.7
Dodging        | |  4.8
Conjurations   | |  5.5

Action                     |  1- 3 |  4- 6 || total
---------------------------+-------+-------++-------
  Melee: Hand axe          |    41 |    14 ||    55
         Punch             |     1 |       ||     1
         Bite              |       |     2 ||     2
   Fire: Sling             |    90 |     2 ||    92
   Cast: Kiss of Death     |     2 |     5 ||     7
    Use: Potion            |       |     1 ||     1
 Armour: Leather armour    |    36 |       ||    36
         Ring mail         |     7 |    39 ||    46
  Dodge: Dodged            |    48 |    27 ||    75

Table legend: (Time is in decaauts)
 A = Elapsed time spent in this place.
 B = Non-inter-level travel time spent in this place.
 C = Inter-level travel time spent in this place.
 D = Time resting spent in this place.
 E = Time spent auto-exploring this place.
 F = Levels seen in this place.
 G = Mean time per level.
                   A        B        C        D        E       F      G
               +--------+--------+--------+--------+--------+-----+--------+
         Total |   1678 |   1636 |     42 |      0 |   1248 |   3 |  559.3 |
       Dungeon |   1678 |   1636 |     42 |      0 |   1248 |   3 |  559.3 |
               +--------+--------+--------+--------+--------+-----+--------+

Top non-repeatable levels by time:
     D:1: 822 daAuts
     D:2: 526 daAuts
     D:3: 328 daAuts
